 Dungeon Crawl Stone Soup version 0.30.1-11-g7821555f0a (webtiles) character file.

Game seed: 2840783876266815287

49 Cheez the Shield-Bearer (level 3, 0/36 HPs)
             Began as a Troll Fighter on Nov 24, 2023.
             Killed from afar by an orc wizard (10 damage)
             ... with a puff of flame
             ... on level 3 of the Dungeon on Jan 15, 2024.
             The game lasted 00:10:23 (627 turns).

Cheez the Shield-Bearer (Troll Fighter)              Turns: 627, Time: 00:10:23

Health: 0/36       AC:  4    Str: 24    XL:     3   Next: 51%
Magic:  2/2        EV:  9    Int:  4    God:
Gold:   17         SH:  8    Dex: 11    Spells: 2/2 levels left

rFire   . . .        a - +0 flail
rCold   . . .        c - +0 kite shield
rNeg    . . .        b - +0 robe
rPois   .            (helmet restricted)
rElec   .            (no cloak)
rCorr   .            (gloves unavailable)
SInv    .            (boots unavailable)
Will    .....        (no amulet)
Stlth   +            (no ring)
HPRegen 1.06/turn    (no ring)
MPRegen 0.08/turn

%: no passive effects
@: no status effects
A: large, unfitting armour, claws 3, regeneration 1, shaggy fur 1, tough skin 1
a: no special abilities


You were on level 3 of the Dungeon.
You visited 1 branch of the dungeon, and saw 3 of its levels.

You collected 17 gold pieces.

Inventory:

Hand Weapons
 a - a +0 flail (weapon)
 j - a +0 dagger
 k - a +0 dagger
 p - a +0 sling
Armour
 b - a +0 robe (worn)
 c - a +0 kite shield (worn)
Scrolls
 e - a scroll of fog {unknown}
 f - a scroll of enchant weapon {unknown}
 h - a scroll of silence {unknown}
 l - a scroll of immolation {unknown}
 m - a scroll of vulnerability {unknown}
 n - a scroll of fear {unknown}
Potions
 d - a potion of might
 g - 3 potions of heal wounds
 i - a potion of flight {unknown}
 o - a potion of curing {unknown}
 q - 2 potions of invisibility {unknown}
 r - a potion of haste {unknown}


   Skills:
 + Level 2.7 Fighting
 + Level 2.3 Maces & Flails
 + Level 2.8 Dodging
 + Level 3.2 Shields


You had 2 spell levels left.
You didn't know any spells.
Your spell library contained the following spells:

 Spells                   Type           Power      Damage    Failure   Level
 Kiss of Death            Conj/Necr      0%         2d5       77%         1
 Gell's Gravitas          Tloc           0%         N/A       98%         3
 Manifold Assault         Tloc           0%         N/A       100%        4
 Borgnjor's Vile Clutch   Necr/Erth      0%         N/A       100%        5
 Malign Gateway           Summ/Tloc      0%         N/A       100%        7


Dungeon Overview and Level Annotations

Branches:
Dungeon (3/15)

Altars:


Innate Abilities, Weirdness & Mutations

You are too large for most types of armour.
You have claws for hands.
Your natural rate of healing is unusually fast.
You are covered in fur. (AC +1)
You have tough skin. (AC +1)


Message History

A puff of flame appears from out of thin air!
The puff of flame hits you. The ball python barely misses you.
You completely miss the ball python.
You feel less confused. You block the ball python's attack. Something hits you.
The ball python barely misses you. Something hits you but does no damage.
You closely miss the ball python. You block the ball python's attack.
You hear some strange, mumbled words.
A puff of flame appears from out of thin air!
The puff of flame hits you!
* * * LOW HITPOINT WARNING * * *
The ball python misses you. Something hits you.
* * * LOW HITPOINT WARNING * * *
You miss something. Something hits you.
* * * LOW HITPOINT WARNING * * *
The ball python bites you but does no damage.
Something hits you.
* * * LOW HITPOINT WARNING * * *
The ball python closely misses you.
The ball python attacks as you move away!
The ball python bites you but does no damage.
You closely miss the ball python. The ball python bites you.
* * * LOW HITPOINT WARNING * * *
The ball python closely misses you.
You barely miss the ball python. You block the ball python's attack.
The ball python completely misses you.
You sock the ball python!
You kill the ball python!
A puff of flame appears from out of thin air!
The puff of flame hits you.
* * * LOW HITPOINT WARNING * * *
You block something's attack. Something hits you.
* * * LOW HITPOINT WARNING * * *
You miss something.
You hear some strange, mumbled words.
A puff of flame appears from out of thin air!
The puff of flame hits you!
You die...

....... ..# ....... ...# ##
. ...... ... #. . ###
#..#.# ..# #.#. .(.#..#.#
#.#####
##..#######.#..#.###.......
#..............#.#)).......
#.#....####.#.##.#{#.......
#.#....## #.#@{..#.#.{.....
#.#<#...###.#......#..r....
#.###.#..##.#.######.......
####.....##......# ....o..
.......########### ##.##..
.......# .# .# .......#
.......# .......#


There were no monsters in sight!

Vanquished Creatures
  An orc wizard (D:3)
  A dart slug (D:1)
  3 orcs (D:3)
  5 ball pythons
  3 bats
  3 endoplasms (D:2)
  A giant cockroach (D:1)
  A goblin (D:2)
  3 hobgoblins
  4 kobolds (D:2)
  A frilled lizard (D:2)
  2 rats
28 creatures vanquished.

Notes
Turn   | Place    | Note
-------+----------+-------------------------------------------
     0 | D:1      | Cheez the Troll Fighter began the quest for the Orb.
     0 | D:1      | Reached XP level 1. HP: 22/22 MP: 0/0
   216 | D:1      | Reached XP level 2. HP: 29/29 MP: 1/1
   234 | D:1      | Got Tuhos's Essays on Relocated Evil
   332 | D:2      | Reached skill level 3 in Shields
   566 | D:3      | Reached XP level 3. HP: 36/36 MP: 2/2
   627 | D:3      | Killed from afar by an orc wizard

Illustrated notes

Levels and vault maps discovered:
D:1:      minmay_arrival_three_doors, layout_loops_ring
D:2:      kennysheep_big_flooded_room, layout_loops_ring, serial_shops,
          nicolae_shop_peninsula, nicolae_nh_oracle_at_delphi
D:3:      layout_basic, nicolae_overflow_ecumenical_swirl,
          mainiacjoe_overflow_small_starburst,
          lemuel_zombie_altar_kikubaaqudgha, jmf_multi_god_temple2, uniq_grinder

Skill      XL: |  1  2 |
---------------+-------+-----
Maces & Flails | 2 |  2.3
Shields        | 3 |  3.2
Fighting       | |  2.7
Dodging        | |  2.8

Action                     || total
---------------------------++-------
  Melee: Flail             ||   110
    Use: Potion            ||     1
 Armour: Robe              ||    54
  Dodge: Dodged            ||    46
  Block: Kite shield       ||    40
